 Dungeon Crawl Stone Soup version 0.31.0-11-ge490571c62 (webtiles) character file.

Game seed: 2676453614815029745

56 Skitler the Covert (level 3, -5/35 HPs)
             Began as a Gnoll Delver on Feb 3, 2024.
             Slain by a gnoll
             ... wielding a +0 spear
              (10 damage)
             ... on level 4 of the Dungeon.
             The game lasted 00:01:12 (447 turns).

Skitler the Covert (Gnoll Delver)                    Turns: 447, Time: 00:01:13

Health: -5/35      AC:  3    Str: 13    XL:     3   Next: 95%
Magic:  4/4        EV: 13    Int:  9    God:
Gold:   10         SH:  0    Dex: 13    Spells: 4/4 levels left

rFire   . . .        a - +0 hand axe
rCold   . . .        (no shield)
rNeg    . . .        b - +0 leather armour
rPois   .            (no helmet)
rElec   .            (no cloak)
rCorr   .            (no gloves)
SInv    .            (no boots)
Will    .....        (no amulet)
Stlth   ++++         (no ring)
HPRegen 0.25/turn    (no ring)
MPRegen 0.09/turn

%: no passive effects
@: no status effects
A: fangs 1, strong nose, distributed training
a: no special abilities


You were on level 4 of the Dungeon.
You visited 1 branch of the dungeon, and saw 2 of its levels.

You collected 10 gold pieces.

Inventory:

Hand Weapons
 a - a +0 hand axe (weapon)
Armour
 b - a +0 leather armour (worn)
Wands
 g - a wand of digging (3)
Scrolls
 c - a scroll of fog
 d - a scroll of revelation
 h - a scroll of teleportation {unknown}
Potions
 i - 2 potions of degeneration {unknown}


   Skills:
 + Level 6.5 Fighting
 + Level 1.0 Short Blades
 + Level 1.0 Long Blades
 + Level 4.6 Axes
 + Level 1.0 Maces & Flails
 + Level 1.0 Polearms
 + Level 1.0 Staves
 + Level 1.0 Ranged Weapons
 + Level 1.0 Throwing
 + Level 1.0 Armour
 + Level 4.6 Dodging
 + Level 9.6 Stealth
 + Level 1.0 Shields
 + Level 1.0 Unarmed Combat
 + Level 1.0 Spellcasting
 + Level 0.7 Conjurations
 + Level 0.7 Hexes
 + Level 0.7 Summonings
 + Level 0.7 Necromancy
 + Level 0.7 Translocations
 + Level 0.7 Fire Magic
 + Level 0.7 Ice Magic
 + Level 0.7 Air Magic
 + Level 0.7 Earth Magic
 + Level 0.7 Alchemy
 + Level 1.1 Invocations
 + Level 1.0 Evocations
 + Level 0.9 Shapeshifting


You had 4 spell levels left.
You didn't know any spells.
Your spell library was empty.

Dungeon Overview and Level Annotations

Branches:
Dungeon (5/15)
 Temple: D:4-7

Altars:


Innate Abilities, Weirdness & Mutations

You have very sharp teeth.
Your uncanny sense of smell can sniff out nearby items.
Your experience applies equally to all skills.


Message History

The gnoll barely misses you.
You barely miss the gnoll.
The gnoll is moderately wounded.
The gnoll barely misses you. The gnoll hits you with a +0 flail!
You hit the gnoll.
The gnoll is heavily wounded.
The gnoll barely misses you.
The gnoll shouts!
You hit the gnoll.
The gnoll is severely wounded.
The gnoll hits you from afar with a +0 spear.
The gnoll barely misses you.
You hit the gnoll. Your bite misses the gnoll.
The gnoll is almost dead.
The gnoll throws a stone.
The stone closely misses you. The gnoll hits you with a +0 flail!
* * * LOW HITPOINT WARNING * * *
You hit the gnoll.
You kill the gnoll!
The gnoll throws a stone.
The stone barely misses you.
Throw: throwing net
Press: ? - help, Q - select action Shift-Dir - straight line, f - gnoll
Aim: a gnoll, wielding a +0 spear, wearing a +4 ring of slaying and quivering stones (61% to hit)
You throw a throwing net. The throwing net hits the gnoll.
The gnoll is caught in the net!
The gnoll struggles against the net.
Unknown command.
The gnoll struggles against the net.
The gnoll shouts!
You hit the gnoll. You bite the gnoll, but do no damage.
The gnoll is heavily wounded.
The gnoll struggles against the net.
You barely miss the gnoll. You bite the gnoll.
The gnoll is heavily wounded.
The gnoll struggles against the net. x2
The net rips apart, and the gnoll comes free!
You hit the gnoll.
The gnoll is severely wounded.
The gnoll hits you with a +0 spear!
You die...

#### ... ∆
#.#### #.@.)#
######g##)#
$..#......#
#...#g#..# .#
...#.....##
....#. #.#.#.#
....#. #.(...#
s.....###..###
..........##


You could see 2 gnolls.

Vanquished Creatures
  An iguana (D:4)
  3 gnolls (D:4)
  A quokka (D:4)
5 creatures vanquished.

Notes
Turn   | Place    | Note
-------+----------+-------------------------------------------
     0 | D:5      | Reached skill level 9 in Stealth
     0 | D:5      | Skitler the Gnoll Delver began the quest for the Orb.
     0 | D:5      | Reached XP level 1. HP: 23/23 MP: 1/1
    32 | D:5      | Noticed an orc priest
    48 | D:4      | Reached XP level 2. HP: 4/29 MP: 2/2
   283 | D:4      | Reached skill level 1 in Invocations
   283 | D:4      | Reached XP level 3. HP: 6/35 MP: 2/4
   414 | D:4      | Noticed a scorpion
   437 | D:4      | Reached skill level 1 in Short Blades
   437 | D:4      | Reached skill level 1 in Long Blades
   437 | D:4      | Reached skill level 1 in Maces & Flails
   437 | D:4      | Reached skill level 1 in Polearms
   437 | D:4      | Reached skill level 1 in Staves
   437 | D:4      | Reached skill level 1 in Ranged Weapons
   437 | D:4      | Reached skill level 1 in Throwing
   437 | D:4      | Reached skill level 1 in Armour
   437 | D:4      | Reached skill level 1 in Shields
   437 | D:4      | Reached skill level 1 in Unarmed Combat
   437 | D:4      | Reached skill level 1 in Spellcasting
   437 | D:4      | Reached skill level 1 in Evocations
   447 | D:4      | Slain by a gnoll

Illustrated notes

Levels and vault maps discovered:
D:4:      minmay_angry_zag, layout_loops_cross, serial_glass, glass_columns_a,
          glass_columns_a, glass_columns_b, glass_columns_b, glass_columns_b,
          glass_columns_b, glass_columns_a, glass_columns_a, glass_columns_c,
          glass_columns_b, glass_columns_a, glass_columns_b, glass_columns_a,
          glass_columns_b, nicolae_shop_distant_corner_stores
D:5:      layout_loops_ring, elyvilon_altar_1, grunt_decor_fettered,
          uniq_crazy_yiuf_cottage, uniq_sigmund

Skill      XL: |  1  2  3 |
---------------+----------+-----
Stealth        | |  9.6
Invocations    | 1 |  1.1
Short Blades   | 1 |  1.0
Long Blades    | 1 |  1.0
Maces & Flails | 1 |  1.0
Polearms       | 1 |  1.0
Staves         | 1 |  1.0
Ranged Weapons | 1 |  1.0
Throwing       | 1 |  1.0
Armour         | 1 |  1.0
Shields        | 1 |  1.0
Unarmed Combat | 1 |  1.0
Spellcasting   | 1 |  1.0
Evocations     | 1 |  1.0
Fighting       | |  6.5
Axes           | |  4.6
Dodging        | |  4.6
Conjurations   | |  0.7
Hexes          | |  0.7
Summonings     | |  0.7
Necromancy     | |  0.7
Translocations | |  0.7
Fire Magic     | |  0.7
Ice Magic      | |  0.7
Air Magic      | |  0.7
Earth Magic    | |  0.7
Alchemy        | |  0.7
Shapeshifting  | |  0.9

Action                     || total
---------------------------++-------
  Melee: Hand axe          ||    30
         Bite              ||     4
         Punch             ||     1
  Throw: Throwing net      ||     1
    Use: Scroll            ||     1
         Potion            ||     1
   Stab: Sleeping          ||     1
 Armour: Leather armour    ||    14
  Dodge: Dodged            ||    20
